AoeStats
← Barón de la Cerveza

Enclosed

505343713Analyzed
1v1 RM · 25d ago on Sep 9, 2026· 22m 13s· 2 players
Game mode
Random Map
Map size
Tiny (2 player)
Population
200
Speed
Normal
Resources
Standard
Victory
Conquest
Starting age
Dark Age
Ending age
Imperial Age
RankedLock teamsTeams togetherTeam positionsShared explorationLock speedFull tech treeHidden civsTurbo modeCheats
Victory
Defeat
🇨🇳 Romans · China
1887
+13
🇲🇽 Teutons · Mexico
1818
-13
Player46887455
7:09 Loom
9:14 Feudal Age
13:11 Castle Age
12:24 Double-Bit Axe
Barón de la Cerveza
0:27 Loom
7:05 Loom
8:56 Feudal Age
9:28 Man-at-Arms
Connection lost

Rejoining the realm…

Still unreachable

The connection could not be restored.

Session expired

The server has moved on; the page needs a fresh start.